 Dungeon Crawl Stone Soup version 0.16-b1 (console) character file.

113 mauris the Stinger (level 4, -4/23 HPs)
             Began as a Vine Stalker Venom Mage on Mar 13, 2015.
             Killed from afar by an orc wizard (7 damage)
             ... with a magic dart
             ... on level 3 of the Dungeon.
             The game lasted 00:03:00 (2255 turns).

mauris the Stinger (Vine Stalker Venom Mage)        Turns: 2255, Time: 00:03:00

Health: -4/23      AC:  2    Str: 12    XL:     4   Next: 96%
Magic:  0/8        EV: 13    Int: 15    God:
Gold:   216        SH:  0    Dex: 14    Spells: 1 memorised, 6 levels left

rFire  . . .     SeeInvis .     j - -1 halberd (curse)
rCold  . . .     Clarity  .     a - +0 robe {2}
rNeg   . . .     SustAb   .     (no shield)
rPois  .         Gourm    .     (no helmet)
rElec  .         Spirit   +     (no cloak)
rCorr  .         Warding  .     (no gloves)
rMut   .         Stasis   .     (no boots)
MR     .....                    (no amulet)
Stlth  ++........               (no ring)
                                (no ring)

@: slowed, very slow, not resistant to hostile enchantments, unstealthy
A: fangs 2, regeneration 1, magic shield, antimagic bite, no device heal 3, rot
immunity
a: no special abilities


You were on level 3 of the Dungeon.
You were not hungry.

You visited 1 branch of the dungeon, and saw 3 of its levels.

You collected 216 gold pieces.

Inventory:

Hand weapons
 e - a +0 dagger
 j - a cursed -1 halberd (weapon)
Armour
 a - a +0 robe (worn) {2}
Jewellery
 m - an uncursed amulet of warding {unknown}
Scrolls
 g - 3 scrolls of enchant weapon {unknown}
 i - 3 scrolls of identify {unknown}
 k - 2 scrolls of amnesia {unknown}
 l - a scroll of fog {unknown}
 o - a scroll of teleportation {unknown}
 p - 2 scrolls of remove curse {unknown}
 q - a scroll of enchant armour {unknown}
Potions
 f - a potion of heal wounds {unknown}
 h - a potion of agility {unknown}
 n - a potion of restore abilities {unknown}
 r - a potion of mutation {unknown}
Books
 b - a Young Poisoner's Handbook

   Spells                             Type                      Level
   a - Sting                          Conjuration/Poison           1
   b - Cure Poison                    Poison                       2
   c - Mephitic Cloud                 Conjuration/Poison/Air       3
   d - Olgreb's Toxic Radiance        Poison                       4
   e - Venom Bolt                     Conjuration/Poison           5
Comestibles
 c - 4 bread rations
 d - a chunk of flesh


   Skills:
 + Level 2.2 Fighting
 + Level 1.8 Armour
 + Level 2.5 Dodging
 - Level 2.4 Stealth
 - Level 2.1 Spellcasting
 - Level 4.0 Poison Magic


You had 6 spell levels left.
You knew the following spells:

 Your Spells              Type           Power        Failure   Level  Hunger
a - Sting                 Conj/Pois      #...         12%         1    #......


Dungeon Overview and Level Annotations

Branches:
Dungeon (3/15)

Altars:


Innate Abilities, Weirdness & Mutations

You have extremely sharp teeth.
Your natural rate of healing is unusually fast.
When hurt, damage is shared between your health and your magic reserves.
Your bite disrupts and absorbs the magic of your enemies.
Potions and wands cannot restore your health.
You are immune to rotting.


Message History

You puncture the rat!
You kill the rat!
The orc wizard gestures wildly while chanting.
The orc wizard blinks!
The worm barely misses you.
Unknown command.
The worm looks more healthy.
You see here a rat corpse.
Unknown command.
Some of the chunks of flesh in your inventory have rotted away.
The orc wizard casts a spell at you. The magic dart hits you!
* * * LOW HITPOINT WARNING * * *
Huge Dmg: -26%(-6hp) hp: 9%(2hp)
The orc wizard closely misses you. The orc wizard casts a spell at you.
You feel yourself slow down.
There is a stone staircase leading up here.
The orc wizard casts a spell at you. The magic dart hits you!
You die...

#.. #.# #.# #.# #.##### #
#.##.. #. #### ####.##.#
#. ... ##.#...#.# #
...##.##)#......###.# #
......)o###....o@...#
...##.##.#.#.##.##### ...
##.##.##.# ####
####.##.##### ##'##.......
# # ### ##...###...... .#.
#.. ##.....##.# #.###.#
#.# ##.......#.# #..##.#
#.#
#..........###...#.#####.#
+...)..%..................


You could see an orc wizard.

Vanquished Creatures
  3 adders (D:2)
  4 gnolls
  A giant gecko (D:1)
  4 orcs (D:3)
  3 giant cockroaches
  6 goblins
  8 hobgoblins
  4 kobolds
  6 bats
  A giant newt (D:2)
  3 rats
43 creatures vanquished.

Notes
Turn   | Place    | Note
--------------------------------------------------------------
     0 | D:1      | mauris, the Vine Stalker Venom Mage, began the quest for the Orb.
     0 | D:1      | Reached XP level 1. HP: 9/9 MP: 3/3
    36 | D:1      | Huge Dmg: 2 dmg
    42 | D:1      | Huge Dmg: 3 dmg
    48 | D:1      | Huge Dmg: 2 dmg
    49 | D:1      | Huge Dmg: 2 dmg
    62 | D:1      | Huge Dmg: 1 dmg
    67 | D:1      | Huge Dmg: 3 dmg
   220 | D:1      | Reached XP level 2. HP: 14/14 MP: 0/5
   324 | D:1      | Huge Dmg: 7 dmg
   334 | D:1      | Reached skill level 1 in Fighting
   430 | D:1      | Huge Dmg: 3 dmg
   436 | D:1      | Reached skill level 1 in Armour
   597 | D:1      | Reached XP level 3. HP: 18/18 MP: 7/7
   889 | D:2      | Huge Dmg: 9 dmg
   901 | D:2      | Huge Dmg: 4 dmg
  1306 | D:2      | Huge Dmg: 3 dmg
  1307 | D:2      | Huge Dmg: 4 dmg
  1461 | D:2      | Reached XP level 4. HP: 17/23 MP: 8/8
  1631 | D:2      | Huge Dmg: 8 dmg
  1802 | D:2      | Huge Dmg: 6 dmg
  1803 | D:2      | Huge Dmg: 7 dmg
  1974 | D:3      | Huge Dmg: 6 dmg
  2240 | D:3      | Huge Dmg: 6 dmg
  2241 | D:3      | Huge Dmg: 4 dmg
  2251 | D:3      | Huge Dmg: 6 dmg
  2255 | D:3      | Killed from afar by an orc wizard

Action                   |  1- 3 |  4- 6 || total
-------------------------+-------+-------++-------
Melee: Unarmed           |    10 |       ||    10
       Dagger            |     4 |       ||     4
       Halberd           |    43 |    56 ||    99
 Cast: Sting             |    22 |    10 ||    32
 Stab: Sleeping          |     4 |     2 ||     6
  Eat: Chunk             |     2 |     3 ||     5

Vault maps used:
D:1:      kilobyte_arrival_exit_the_forest
D:2:      first_bread
D:3:      vehumet_altar_wand_db
